 Dungeon Crawl Stone Soup version 0.19.1 (webtiles) character file.

6563 Idleism the Summoner (level 11, 0/57 HPs)
             Began as a Kobold Summoner on Nov 20, 2016.
             Was a Believer of Hepliaklqana.
             Killed from afar by a lindwurm (49 damage)
             ... with a blast of flame
             ... on level 2 of the Lair of Beasts on Nov 27, 2016.
             The game lasted 01:14:58 (9626 turns).

Idleism the Summoner (Kobold Summoner)              Turns: 9626, Time: 01:15:00

Health: 0/57       AC: 14    Str:  8    XL:     11   Next: 21%
Magic:  13/21      EV: 17    Int: 18    God:    Hepliaklqana [**....]
Gold:   481        SH:  0    Dex: 15    Spells: 7 memorised, 5 levels left

rFire  . . .     SeeInvis .     a - +4 short sword
rCold  . . .     Gourm    .     o - +0 robe
rNeg   . . .     Faith    .     (shield restricted)
rPois  .         Spirit   .     y - +0 helmet
rElec  .         Reflect  .     R - +2 cloak
rCorr  .         Harm     .     D - +2 pair of gloves
MR     .....                    K - +0 pair of boots
Stlth  ++........               F - amulet of regeneration
                                G - ring of wizardry
                                e - +4 ring of protection

@: no status effects
A: reduced essence, carnivore 3
a: Ancestor Life: Knight, Ancestor Life: Battlemage, Ancestor Life: Hexer,
Recall Ancestor, Ancestor Identity, Renounce Religion


You were on level 2 of the Lair of Beasts.
You worshipped Hepliaklqana.
Hepliaklqana was pleased with you.
You were completely stuffed.

You visited 3 branches of the dungeon, and saw 11 of its levels.

You collected 481 gold pieces.

Inventory:

Hand Weapons
 a - a +4 short sword (weapon)
 b - a +1 dagger of draining
 h - a +0 dagger
 I - a +2 spear of piercing
 L - a +1 falchion of holy wrath
 M - a +2 spear of venom
 N - a +0 dagger of venom
 Q - a +0 rapier
Armour
 o - a +0 robe (worn)
 y - a +0 helmet (worn)
 D - a +2 pair of gloves (worn)
 K - a +0 pair of boots (worn)
 R - a +2 cloak (worn)
Jewellery
 e - a +4 ring of protection (left hand)
 q - an uncursed amulet of faith
 u - an uncursed ring of magical power
 A - a +2 ring of evasion
 F - an amulet of regeneration (around neck)
 G - a ring of wizardry (right hand)
 J - an uncursed ring of teleportation
Wands
 j - a wand of heal wounds (2/9)
 S - a wand of slowing (26/48)
Scrolls
 n - 3 scrolls of blinking
 r - a scroll of enchant weapon
 t - 5 scrolls of identify
 v - 4 scrolls of remove curse
 P - a scroll of teleportation
 T - a scroll of fog
 Y - a scroll of fear {unknown}
Potions
 f - a potion of degeneration
 g - a potion of flight {unknown}
 k - a potion of invisibility {unknown}
 l - 3 potions of agility
 m - a potion of resistance {unknown}
 s - a potion of lignification {unknown}
 z - 2 potions of might
 E - 2 potions of heal wounds {unknown}
 O - a potion of cure mutation {unknown}
 W - a potion of berserk rage {unknown}
Books
 i - a book of Conjurations

   Spells                             Type                      Level
   a - Magic Dart                     Conjuration                  1
   b - Searing Ray                    Conjuration                  2
   c - Dazzling Spray                 Conjuration/Hexes            3
   d - Fulminant Prism                Conjuration/Hexes            4
   e - Iskenderun's Mystic Blast      Conjuration                  4
   f - Iskenderun's Battlesphere      Conjuration/Charms           5
 w - a book of Callings

   Spells                             Type                      Level
   a - Summon Small Mammal            Summoning                    1
   b - Call Imp                       Summoning                    2
   c - Call Canine Familiar           Summoning                    3
   d - Summon Guardian Golem          Hexes/Summoning              3
   e - Summon Lightning Spire         Summoning/Air                4
   f - Summon Ice Beast               Ice/Summoning                4
 x - a book of Battle

   Spells                             Type                      Level
   a - Infusion                       Charms                       1
   b - Shroud of Golubria             Charms/Translocation         2
   c - Song of Slaying                Charms                       2
   d - Spectral Weapon                Hexes/Charms                 3
   e - Regeneration                   Charms/Necromancy            3
 C - a book of Callings

   Spells                             Type                      Level
   a - Summon Small Mammal            Summoning                    1
   b - Call Imp                       Summoning                    2
   c - Call Canine Familiar           Summoning                    3
   d - Summon Guardian Golem          Hexes/Summoning              3
   e - Summon Lightning Spire         Summoning/Air                4
   f - Summon Ice Beast               Ice/Summoning                4
 H - a book of Unlife

   Spells                             Type                      Level
   a - Recall                         Summoning/Translocation      3
   b - Animate Dead                   Necromancy                   4
   c - Control Undead                 Necromancy                   4
   d - Cigotuvi's Embrace             Necromancy                   5
   e - Death Channel                  Necromancy                   6
   f - Simulacrum                     Ice/Necromancy               6
 U - a book of Debilitation

   Spells                             Type                      Level
   a - Corona                         Hexes                        1
   b - Slow                           Hexes                        2
   c - Gell's Gravitas                Hexes/Translocation          3
   d - Inner Flame                    Hexes/Fire                   3
   e - Cause Fear                     Hexes                        4
   f - Leda's Liquefaction            Hexes/Earth                  4
 V - a book of Necromancy

   Spells                             Type                      Level
   a - Pain                           Necromancy                   1
   b - Animate Skeleton               Necromancy                   1
   c - Vampiric Draining              Necromancy                   3
   d - Regeneration                   Charms/Necromancy            3
   e - Animate Dead                   Necromancy                   4
   f - Control Undead                 Necromancy                   4
Comestibles
 c - 7 meat rations
 d - 12 slices of pizza
 p - a beef jerky
 B - 2 royal jellies
 X - a chunk of flesh


   Skills:
 + Level 5.3 Fighting
 - Level 9.0 Short Blades
 - Level 4.3 Dodging
 - Level 2.6 Stealth
 - Level 7.0 Spellcasting
 - Level 4.0 Charms
 - Level 10.1 Summonings
 - Level 5.2 Necromancy


You had 5 spell levels left.
You knew the following spells:

 Your Spells              Type           Power        Failure   Level  Hunger
a - Summon Small Mammal   Summ           ####         1%          1    None
b - Call Imp              Summ           #####...     1%          2    None
c - Call Canine Familiar  Summ           #####...     1%          3    ##.....
d - Recall                Summ/Tloc      N/A          1%          3    ##.....
e - Summon Ice Beast      Ice/Summ       ###.....     7%          4    ####...
f - Vampiric Draining     Necr           ####......   1%          3    ##.....
g - Regeneration          Chrm/Necr      ###.......   2%          3    ##.....


Dungeon Overview and Level Annotations

Branches:
Dungeon (8/15)             Temple (1/1) D:7            Lair (2/6) D:8
  Swamp: Lair:2-4    Shoals: Lair:2-4     Snake: Lair:2-4    Spider: Lair:2-4

Altars:
Ashenzari
Cheibriados
Dithmenos
Elyvilon
Fedhas
Gozag
Hepliaklqana
Kikubaaqudgha
Makhleb
Nemelex Xobeh
Okawaru
Qazlal
Ru
Sif Muna
Trog
Uskayaw
Vehumet
Xom
Yredelemnul
Zin
The Shining One

Portals:
Volcano: Lair:2


Innate Abilities, Weirdness & Mutations

You are small and have problems with some larger weapons.
You are carnivorous and can eat meat at any time.
Your life essence is reduced. (-10% HP)


Message History

Confirm with . or Enter, or press ? or * to list all spells.
A chill wind blows around you. What are your orders? t - Shout!
Orders for allies: a - Attack new target. p - Attack previous target. r - Retreat! s - Stop attacking. g - Guard the area. f - Follow me.
Anything else - Cancel.
Gang up on whom?
Press: ? - help, Dir - move target cursor, f/p - lindwurm
Aim: a lindwurm (moderately wounded) Attack!
You swap places.
The lindwurm breathes flames at you. The blast of flame hits your ice beast.
Your ice beast melts!
Your ice beast dies!
The blast of flame hits you!
Ouch! That really hurt!
You die...

..............................#..
.........#....^.......†.......##.
...........................P....#
............................##.##
...........................<..#.#
###.###############..........###.
# ### #####..###.##..........# .
########....k..#...#...........#
#...§.k..≈≈≈≈...@#............##
#≈≈§≈§≈≈≈§.Y≈≈≈≈≈#............#
#∩.§≈≈≈..†.......#...........
##......#####.##...##.#....#
######### ########.Y.....##
########### ####.........#
..$..(...P# ##.........##.#
......P...# ##....†......#
......##.# ##.#.............


You could see a lindwurm and a friendly ice beast.

Vanquished Creatures
  A yak (D:8)
  2 water moccasins
  A black bear (D:7)
  A sky beast (D:7)
  A phantom (D:7)
  An ogre (D:7)
  2 centaurs
  A bullfrog (D:8)
  4 scorpions
  3 killer bees
  A crimson imp (D:8)
  A jelly (D:7)
  A bullfrog zombie (D:8)
  2 hounds
  2 orc priests
  A centaur skeleton (D:8)
  An orc wizard (D:6)
  A bullfrog skeleton (D:7)
  4 iguanas
  4 worker ants
  A hound skeleton (D:5)
  A worker ant zombie (D:6)
  A howler monkey skeleton (D:7)
  A gnoll (D:6)
  4 adders
  2 oozes
  An adder skeleton (D:7)
  2 worms (D:3)
  3 leopard geckos
  21 orcs
  3 giant cockroaches
  9 goblins
  9 hobgoblins
  17 jackals
  11 kobolds
  2 quokkas
  3 frilled lizards
  A quokka zombie (D:6)
  4 rats
131 creatures vanquished.

Vanquished Creatures (collateral kills)
  A hydra (D:8)
  A hill giant (D:8)
  4 spiny frogs
  A komodo dragon (Lair:2)
  2 dream sheep (D:8)
  A hippogriff (Lair:2)
  Sigmund (D:4)
  7 yaks (D:8)
  A wyvern (Lair:2)
  A basilisk (Lair:2)
  3 water moccasins
  2 porcupines
  2 orc warriors
  An ice beast (D:5)
  A phantom (D:5)
  An ogre (D:5)
  A centaur (D:8)
  2 crocodiles (Lair:1)
  4 bullfrogs
  3 big kobolds (D:8)
  A scorpion (D:5)
  5 killer bees
  A howler monkey (D:4)
  3 crimson imps
  A bullfrog zombie (D:5)
  A quasit (D:5)
  3 jellies
  5 orc priests
  4 bullfrog skeletons
  2 orc wizards
  Natasha (thrice) (D:4)
  2 worker ants
  A hound zombie (D:8)
  A howler monkey zombie (D:5)
  Robin (D:4)
  A worker ant zombie (D:5)
  A gnoll (D:6)
  A howler monkey skeleton (D:4)
  6 adders
  An ooze (D:1)
  2 worms (D:2)
  2 dart slugs
  3 leopard geckos
  10 orcs
  2 giant cockroaches (D:5)
  11 goblins
  8 hobgoblins
  3 jackals
  2 kobolds
  A quokka (D:2)
  2 bats
  2 frilled lizards (D:2)
  A leopard gecko skeleton (D:5)
  A leopard gecko zombie (D:5)
  4 rats
  5 fungi
  A plant (D:8)
144 creatures vanquished.

Vanquished Creatures (others)
  7 ancestors
  3 fungi (D:8)
10 creatures vanquished.

Grand Total: 285 creatures vanquished

Notes
Turn   | Place    | Note
-------+----------+-------------------------------------------
     0 | D:1      | Idleism the Kobold Summoner began the quest for the Orb.
     0 | D:1      | Reached XP level 1. HP: 10/10 MP: 3/3
   304 | D:1      | Reached XP level 2. HP: 13/15 MP: 0/5
   308 | D:1      | Learned a level 2 spell: Call Imp
  1075 | D:2      | Reached XP level 3. HP: 9/19 MP: 0/6
  1262 | D:2      | Reached skill level 5 in Summonings
  1453 | D:2      | Reached XP level 4. HP: 24/24 MP: 1/7
  1587 | D:2      | Reached skill level 1 in Fighting
  1839 | D:3      | Learned a level 3 spell: Call Canine Familiar
  2008 | D:3      | Reached XP level 5. HP: 25/29 MP: 4/9
  2028 | D:3      | Found a stormy altar of Qazlal.
  2132 | D:3      | Reached skill level 1 in Short Blades
  2603 | D:4      | Noticed Natasha
  2619 | D:4      | Killed Natasha
  2751 | D:4      | Noticed Natasha
  2756 | D:4      | Killed Natasha
  2766 | D:4      | Noticed Sigmund
  2911 | D:4      | Reached XP level 6. HP: 24/35 MP: 10/10
  3076 | D:4      | Reached skill level 6 in Summonings
  3092 | D:4      | Noticed Natasha
  3101 | D:4      | Killed Natasha
  3123 | D:4      | Killed Sigmund
  3271 | D:4      | Reached XP level 7. HP: 42/42 MP: 11/11
  3647 | D:4      | Noticed Robin
  3690 | D:4      | Killed Robin
  3826 | D:5      | Entered Level 5 of the Dungeon
  3927 | D:5      | Reached skill level 7 in Summonings
  4161 | D:5      | Reached XP level 8. HP: 47/48 MP: 12/12
  4340 | D:5      | Learned a level 3 spell: Recall
  4476 | D:5      | Reached skill level 5 in Spellcasting
  5222 | D:6      | Learned a level 4 spell: Summon Ice Beast
  6009 | D:6      | Identified a +1 rod of inaccuracy (10/10) (You found it on level 6 of the Dungeon)
  6099 | D:7      | Reached XP level 9. HP: 52/52 MP: 14/19
  6204 | D:7      | Reached skill level 5 in Fighting
  6375 | D:7      | Reached skill level 5 in Short Blades
  6677 | D:7      | Found a staircase to the Ecumenical Temple.
  6681 | Temple   | Entered the Ecumenical Temple
  6720 | Temple   | Became a worshipper of Hepliaklqana the Forgotten
  7286 | D:8      | Reached skill level 8 in Summonings
  7329 | D:8      | Reached skill level 9 in Summonings
  7372 | D:8      | Noticed a three-headed hydra
  7387 | D:8      | Killed a three-headed hydra
  7387 | D:8      | Reached XP level 10. HP: 30/53 MP: 15/20
  7455 | D:8      | Learned a level 3 spell: Vampiric Draining
  7513 | D:8      | Reached skill level 1 in Necromancy
  7589 | D:8      | Noticed a hill giant
  7601 | D:8      | Killed a hill giant
  7667 | D:8      | Found a staircase to the Lair.
  7911 | D:8      | Reached * piety under Hepliaklqana
  8155 | Lair:1   | Entered Level 1 of the Lair of Beasts
  8155 | Lair:1   | Noticed a spiny frog
  8155 | Lair:1   | Noticed a spiny frog
  8168 | D:8      | Killed a spiny frog
  8273 | Lair:1   | Killed a spiny frog
  8273 | Lair:1   | Reached skill level 5 in Necromancy
  8278 | Lair:1   | Upgraded the game from 0.19.0-24-gb05acd6 to 0.19.1
  8502 | Lair:1   | Noticed a spiny frog
  8597 | Lair:1   | Killed a spiny frog
  8597 | Lair:1   | Reached skill level 10 in Summonings
  8708 | D:8      | Learned a level 3 spell: Regeneration
  8840 | Lair:1   | Reached XP level 11. HP: 56/56 MP: 14/21
  8927 | Lair:1   | Reached skill level 1 in Charms
  9335 | Lair:2   | Reached ** piety under Hepliaklqana
  9608 | Lair:2   | Found a dark tunnel.
  9608 | Lair:2   | Noticed a lindwurm
  9626 | Lair:2   | Killed from afar by a lindwurm

Skill      XL: |  1  2  3  4  5  6  7  8  9 10 11 |
---------------+----------------------------------+-----
Summonings     | 5 6 7 9 10 | 10.1
Fighting       | 1 2 3 4 5 |  5.3
Spellcasting   | 3 7 |  7.0
Short Blades   | 2 8 9 |  9.0
Dodging        | 4 |  4.3
Necromancy     | 5 |  5.2
Charms         | 4 |  4.0
Stealth        | |  2.6

Action                   |  1- 3 |  4- 6 |  7- 9 | 10-12 || total
-------------------------+-------+-------+-------+-------++-------
Melee: Club              |    15 |       |       |       ||    15
       Unarmed           |     2 |       |       |       ||     2
       Dagger            |    29 |   139 |   303 |    81 ||   552
       Spear             |       |       |     3 |       ||     3
       Short sword       |       |       |   205 |   100 ||   305
 Cast: Summon Small Mamm |    68 |     6 |     9 |       ||    83
       Call Imp          |     3 |    19 |    32 |     6 ||    60
       Call Canine Famil |       |     1 |    23 |    17 ||    41
       Summon Ice Beast  |       |       |       |    29 ||    29
       Vampiric Draining |       |       |       |     3 ||     3
Invok: Recall Ancestor   |       |       |       |     1 ||     1
Evoke: Wand              |       |       |     4 |     1 ||     5
  Use: Potion            |     1 |     1 |     2 |     2 ||     6
       Scroll            |       |     3 |     6 |       ||     9
 Stab: Sleeping          |     1 |    13 |    10 |     2 ||    26
       Distracted        |       |       |     3 |     1 ||     4
  Eat: Chunk             |    11 |     7 |    16 |    11 ||    45
Armor: Robe              |    20 |    26 |   102 |    39 ||   187
Dodge: Dodged            |    65 |    91 |   380 |   114 ||   650
